 Dungeon Crawl Stone Soup version 0.30-a0-368-g86fb4627a9 (webtiles) character file.

Game seed: 9446160067963342800

28 Lobster4 the Cudgeller (level 3, -2/29 HPs)
             Began as a Hill Orc Wanderer on Nov 19, 2022.
             Slain by Terence
             ... wielding a +0 hand axe
              (8 damage)
             ... on level 2 of the Dungeon.
             The game lasted 00:04:05 (1051 turns).

Lobster4 the Cudgeller (Hill Orc Wanderer)          Turns: 1051, Time: 00:04:05

Health: -2/29      AC:  4    Str: 18    XL:     3   Next: 12%
Magic:  3/3        EV: 10    Int:  8    God:
Gold:   84         SH:  4    Dex: 12    Spells: 2/2 levels left

rFire   . . .      SeeInvis .    a - +2 mace
rCold   . . .      Faith    .    c - +0 buckler
rNeg    . . .      Spirit   .    e - +0 leather armour
rPois   .          Reflect  .    f - +0 helmet
rElec   .          Harm     .    (no cloak)
rCorr   .          Rampage  .    (no gloves)
Will    .....                    (no boots)
Stlth   +.........               (no amulet)
HPRegen 0.24/turn                (no ring)
MPRegen 0.08/turn                (no ring)

@: no status effects
A: no striking features
a: no special abilities


You were on level 2 of the Dungeon.
You visited 1 branch of the dungeon, and saw 2 of its levels.

You collected 84 gold pieces.

Inventory:

Hand Weapons
 a - a +2 mace (weapon)
 n - a +0 sling of flaming
Missiles
 g - 5 poisoned darts (quivered)
Armour
 c - a +0 buckler (worn)
 e - a +0 leather armour (worn)
 f - a +0 helmet (worn)
Jewellery
 j - a +6 ring of intelligence
Scrolls
 m - a scroll of identify
Potions
 h - a potion of flight {unknown}
 i - a potion of resistance {unknown}
 k - 2 potions of brilliance {unknown}
 l - a potion of heal wounds


   Skills:
 + Level 2.0 Fighting
 + Level 3.6 Maces & Flails
 - Level 1.0 Throwing
 + Level 1.8 Armour
 + Level 2.6 Shields
 - Level 2.1 Unarmed Combat


You had 2 spell levels left.
You didn't know any spells.
Your spell library contained the following spells:

 Spells                   Type           Power      Damage    Failure   Level
 Inner Flame              Hex/Fire       0%         N/A       91%         3
 Cause Fear               Hex            0%         N/A       100%        4
 Discord                  Hex            0%         N/A       100%        8


Dungeon Overview and Level Annotations

Branches:
Dungeon (2/15)

Altars:

Shops:
D:2 *[

Annotations:
D:2 Sigmund, Terence


Message History

The endoplasm closely misses your butterfly. x2
The giant cockroach misses your butterfly.
The endoplasm misses your butterfly.
The giant cockroach misses your butterfly.
The endoplasm hits your butterfly.
Your butterfly dies!
Your butterfly disappears in a burst of colours!
The giant cockroach bites your butterfly.
Your butterfly dies!
Your butterfly disappears in a burst of colours!
The endoplasm closely misses your butterfly.
The endoplasm hits your butterfly.
Your butterfly dies!
Your butterfly disappears in a burst of colours!
The giant cockroach bites your butterfly.
Your butterfly dies!
Your butterfly disappears in a burst of colours!
Something misses your butterfly.
The endoplasm barely misses your butterfly.
The endoplasm barely misses something.
The giant cockroach bites your butterfly.
Your butterfly dies!
Your butterfly disappears in a burst of colours!
Something misses your butterfly.
The giant cockroach closely misses your butterfly.
Something closely misses your butterfly.
Something barely misses your butterfly.
The endoplasm barely misses your butterfly.
Terence shouts!
As you read the scroll labelled XYECVUM HUFEYNT, it crumbles to dust.
It is a scroll of identify.
l - a potion of heal wounds Your butterfly disappears in a burst of colours!
You block Terence's attack. Terence closely misses you.
Terence hits you with a +0 hand axe!
* * * LOW HITPOINT WARNING * * *
As you read the scroll of butterflies, it crumbles to dust.
You hear the tinkle of a tiny bell.
Terence hits you with a +0 hand axe!
You die...

..## #.##...###### ...#
#.##.#...##########
...#####.##.###..........#
.b.....#.#..# #b.bbb.b...#
.#.###.#.#.## #.b.b......#
.#..##.....## #bb...b....#
..#.####....###bbbb......#
..#.####..#B.bb@bbbb.b...#
#.#..........bbb@bbb....<#
#.......#######bbbb.b..).###
..........(.# ####b........#
.#..........# ##b..>....#
##......?...## #........#
#.........!...@............#
.................##........#
............#### ##.?.....#
.#..........# #.......#


You could see Terence (ally target) and a giant cockroach.

Vanquished Creatures
  A dart slug (D:1)
  3 bats
  An endoplasm (D:1)
  A giant cockroach (D:2)
  4 goblins
  2 hobgoblins
  4 jackals (D:1)
  A quokka (D:1)
  A ball python (D:1)
  3 frilled lizards (D:1)
  2 rats (D:1)
23 creatures vanquished.

Notes
Turn   | Place    | Note
-------+----------+-------------------------------------------
     0 | D:1      | Lobster4 the Hill Orc Wanderer began the quest for the Orb.
     0 | D:1      | Lobster4 set off with the following items: a +2 mace, a
                  | potion of curing, a +0 buckler, a scroll of butterflies, a
                  | +0 leather armour.
     0 | D:1      | Reached XP level 1. HP: 16/16 MP: 1/1
   187 | D:1      | Reached XP level 2. HP: 23/23 MP: 2/2
   417 | D:1      | Found a faded altar of an unknown god.
   891 | D:2      | Reached XP level 3. HP: 26/29 MP: 3/3
   925 | D:2      | Noticed Terence
   960 | D:2      | Noticed Sigmund
   974 | D:2      | Found Ehen Bou's General Store.
   997 | D:2      | Found Tyocvop's Antique Armour Boutique.
  1051 | D:2      | Slain by Terence

Illustrated notes

Levels and vault maps discovered:
D:1:      minmay_arrival_shoal_huts, layout_basic,
          hellmonk_ecumenical_altar_arch_garden, hangedman_glass_teeth
D:2:      layout_rooms, serial_shops, shop, nicolae_shop_trees, uniq_terence,
          uniq_sigmund

Skill      XL: |  1  2 |
---------------+-------+-----
Fighting       | 2 |  2.0
Maces & Flails | |  3.6
Throwing       | |  1.0
Armour         | |  1.8
Shields        | |  2.6
Unarmed Combat | |  2.1

Action                   || total
-------------------------++-------
Melee: Mace              ||    55
 Fire: Sling             ||     4
Throw: Dart              ||     1
  Use: Scroll            ||     6
       Potion            ||     1
Armor: Leather armour    ||    25
Dodge: Dodged            ||    25
Block: Buckler           ||    24

Table legend: (Time is in decaauts)
 A = Elapsed time spent in this place.
 B = Non-inter-level travel time spent in this place.
 C = Inter-level travel time spent in this place.
 D = Time resting spent in this place.
 E = Time spent auto-exploring this place.
 F = Levels seen in this place.
 G = Mean time per level.
                   A        B        C        D        E       F      G
               +--------+--------+--------+--------+--------+-----+--------+
         Total |   1068 |   1033 |     35 |    100 |    643 |   2 |  534.0 |
       Dungeon |   1068 |   1033 |     35 |    100 |    643 |   2 |  534.0 |
               +--------+--------+--------+--------+--------+-----+--------+

Top non-repeatable levels by time:
     D:1: 896 daAuts
     D:2: 171 daAuts
